Map: Augustine Fall LE

Players

Allen - Winner!

  • Race: Protoss Protoss
  • Spawn Location: 6:00

Sibby - Winner!

  • Race: Terran Terran
  • Spawn Location: 6:00

SaintSeiya - Winner!

  • Race: Zerg Zerg
  • Spawn Location: 5:00

VOD

Have the link to the VOD?

Description

Time

  • Played on: Feb. 2, 2020, 2:21 p.m.
  • Length: 21:10
Show
View Real Time Build Order
Export as new Build Order

Allen Protoss - Winner!

Build Orders:  

Get SALT Encoding   

  12  0:01  Probe (Chrono Boost)  
  13  0:12  Probe (Chrono Boost)  
  14  0:26  Probe (Chrono Boost)  
  15  0:37  Pylon  
  15  0:46  Assimilator  
  15  0:58  Assimilator  
  15  1:12  Gateway  
  15  1:24  Probe (Chrono Boost)  
  16  1:39  Probe (Chrono Boost)  
  17  1:41  Pylon  
  17  1:50  Probe (Chrono Boost)  
  18  2:10  Nexus  
  18  2:29  Cybernetics Core  
  18  2:36  Probe (Chrono Boost)  
  19  2:53  Probe (Chrono Boost)  
  21  3:10  Probe (Chrono Boost)  
  21  3:11  Assimilator  
  21  3:23  Assimilator  
  21  3:44  Stargate  
  21  3:54  Stargate  
  21  4:03  Probe (Chrono Boost)  
  21  4:07  Probe (Chrono Boost)  
  23  4:18  Probe (Chrono Boost)  
  24  4:20  Probe (Chrono Boost)  
  24  4:26  Pylon  
  25  4:31  Probe (Chrono Boost)  
  25  4:37  Probe (Chrono Boost)  
  27  4:48  Probe (Chrono Boost)  
  28  4:51  Probe (Chrono Boost)  
  28  4:56  Protoss Air Armor Level 1  
  29  5:03  Probe (Chrono Boost)  
  29  5:05  Probe (Chrono Boost)  
  31  5:18  Probe (Chrono Boost)  
  32  5:37  Void Ray (Chrono Boost)  
  32  5:42  Nexus  
  36  5:54  Assimilator  
  36  5:58  Assimilator  
  36  6:07  Probe (Chrono Boost)  
  37  6:18  Probe (Chrono Boost)  
  37  6:29  Probe  
  38  6:30  Void Ray (Chrono Boost)  
  43  6:46  Probe  
  44  7:03  Probe  
  45  7:21  Probe (Chrono Boost)  
  46  7:34  Probe x2 (Chrono Boost)  
  48  7:45  Probe (Chrono Boost)  
  48  7:46  Probe (Chrono Boost), Void Ray x2  
  58  7:57  Probe (Chrono Boost)  
  58  7:59  Stargate  
  58  8:03  Probe (Chrono Boost)  
  58  8:06  Stargate  
  60  8:11  Stargate  
  61  8:20  Probe (Chrono Boost)  
  61  8:24  Stargate  
  61  8:53  Protoss Air Weapons Level 1 (Chrono Boost)  
  61  8:54  Fleet Beacon, Probe (Chrono Boost)  
  62  9:05  Probe x2 (Chrono Boost)  
  64  9:17  Probe x2 (Chrono Boost)  
  64  9:23  Probe (Chrono Boost)  
  64  9:28  Probe (Chrono Boost)  
  64  9:29  Carrier  
  67  9:30  Pylon  
  67  9:32  Carrier  
  67  9:34  Probe (Chrono Boost)  
  67  9:37  Pylon  
  69  9:41  Pylon  
  69  9:45  Pylon  
  69  9:58  Probe x2 (Chrono Boost)  
  77  10:06  Tempest  
  88  10:15  Probe (Chrono Boost)  
  97  11:01  Carrier  
  97  11:06  Pylon  
  97  11:15  Pylon  
  97  11:16  Pylon  
  97  11:23  Pylon  
  97  11:27  Pylon  
  97  11:31  Carrier  
  97  11:32  Carrier  
  97  11:33  Carrier  
  103  12:01  Nexus  
  121  12:17  Assimilator  
  121  12:20  Protoss Air Armor Level 2 (Chrono Boost)  
  121  12:23  Assimilator  
  121  12:32  Carrier  
  121  12:34  Carrier  
  121  12:35  Carrier  
  138  13:11  Unknown  
  138  13:46  Nexus  
  138  13:49  Assimilator  
  138  13:50  Carrier  
  138  13:55  Pylon  
  138  13:57  Carrier x2  
  138  14:02  Pylon  
  156  14:30  Pylon  
  156  14:34  Pylon  
  156  14:40  Pylon  
  156  14:46  Pylon  
  156  14:51  Pylon  
  156  15:00  Probe  
  156  15:06  Carrier  
  156  15:09  Carrier  
  157  15:13  Carrier  
  157  15:16  Probe  
  157  15:17  Probe  
  159  15:28  Protoss Air Weapons Level 2 (Chrono Boost)  
  159  15:33  Probe  
  159  15:34  Probe  
  173  15:49  Probe  
  179  15:51  Probe, Carrier x2  
  181  16:08  Probe  
  182  16:29  Probe (Chrono Boost)  
  195  16:42  Probe (Chrono Boost)  
  196  16:52  Void Ray  
  200  17:25  Anion Pulse-Crystals (Chrono Boost)  
  200  20:05  Unknown  
  200  20:24  Nexus  
Show
View Real Time Build Order
Export as new Build Order

Sibby Terran - Winner!

Build Orders:  

Get SALT Encoding   

  12  0:01  SCV  
  13  0:18  SCV  
  14  0:35  SCV, Supply Depot  
  15  1:05  SCV  
  16  1:12  Barracks  
  16  1:22  SCV  
  17  1:38  SCV  
  18  1:49  Command Center  
  18  2:01  SCV  
  18  2:05  Refinery  
  19  2:10  Refinery  
  19  2:20  Marine  
  20  2:37  Supply Depot  
  20  2:40  SCV  
  21  3:06  SCV  
  22  3:23  SCV  
  22  3:27  Supply Depot  
  23  3:33  Refinery  
  23  3:37  SCV  
  24  3:40  SCV  
  25  3:54  SCV  
  26  4:12  Barracks Tech Lab  
  26  4:17  Factory  
  26  4:18  SCV  
  27  4:24  SCV  
  28  4:37  SCV  
  29  4:41  SCV  
  29  4:43  Unknown  
  29  4:46  Marauder  
  32  4:54  SCV  
  32  4:58  SCV  
  34  5:11  SCV  
  34  5:16  Marine  
  36  5:31  Starport  
  36  5:40  Factory Tech Lab  
  36  5:44  Marine  
  37  6:20  Marauder  
  39  6:30  SCV  
  39  6:32  SCV  
  39  6:33  Concussive Shells  
  39  6:34  Factory Tech Lab  
  39  6:38  Refinery  
  41  6:41  Supply Depot  
  41  6:47  SCV  
  41  6:49  SCV  
  43  6:50  Marine  
  43  6:56  Fusion Core  
  44  7:04  SCV  
  44  7:06  SCV  
  44  7:08  Siege Tank  
  49  7:13  Supply Depot  
  49  7:21  SCV  
  49  7:23  SCV  
  51  7:40  SCV  
  51  7:43  Marine  
  51  7:45  Supply Depot  
  53  7:53  Siege Tank  
  53  7:55  SCV  
  57  8:01  Siege Tank x2  
  57  8:03  Armory  
  57  8:06  Armory  
  57  8:16  Battlecruiser, Supply Depot  
  63  8:24  SCV  
  63  8:29  Orbital Command  
  64  8:41  SCV  
  65  8:58  SCV  
  66  9:15  SCV  
  66  9:18  Orbital Command  
  67  9:32  SCV  
  68  9:43  Starport  
  68  9:47  Battlecruiser  
  74  10:00  Terran Ship Weapons Level 1  
  74  10:03  Terran Vehicle And Ship Armor Level 1  
  71  11:13  Starport Tech Lab  
  71  11:16  Starport  
  71  11:26  Command Center  
  71  11:31  Weapon Refit  
  71  12:17  Starport Tech Lab  
  71  12:19  Battlecruiser  
  77  12:20  Battlecruiser  
  83  12:35  Command Center  
  82  13:03  Battlecruiser  
  82  13:09  Orbital Command  
  88  13:36  Siege Tank x2  
  88  13:56  Battlecruiser x2  
  88  13:59  Terran Ship Weapons Level 2  
  100  15:54  Battlecruiser x2  
  112  16:30  Battlecruiser  
  118  18:02  Battlecruiser  
  124  19:05  Orbital Command  
  124  19:14  Supply Depot x2  
  124  19:15  Supply Depot x2  
  124  19:18  Supply Depot  
  124  19:44  Starport  
Show
View Real Time Build Order
Export as new Build Order

SaintSeiya Zerg - Winner!

Build Orders:  

Get SALT Encoding   

  12  0:02  Drone  
  13  0:18  Overlord  
  13  0:30  Drone  
  14  0:45  Drone x2  
  16  1:09  Hatchery  
  15  1:14  Drone  
  16  1:20  Drone  
  16  1:23  Drone  
  18  1:41  Extractor  
  18  1:46  Spawning Pool  
  18  1:48  Drone  
  17  1:53  Drone  
  18  2:05  Drone  
  19  2:23  Overlord  
  19  2:35  Drone  
  20  2:52  Queen x2  
  20  2:53  Zergling x4  
  26  3:13  Drone x2  
  28  3:50  Queen  
  28  3:57  Overlord  
  28  3:58  Drone  
  28  3:59  Drone x2  
  33  4:00  Metabolic Boost  
  33  4:06  Hatchery  
  33  4:08  Drone x2  
  34  4:57  Drone x2  
  34  4:58  Drone x5  
  41  5:03  Roach Warren  
  41  5:07  Roach Warren  
  41  5:09  Drone  
  41  5:21  Drone  
  41  5:24  Drone  
  43  5:32  Lair  
  43  6:09  Drone  
  38  6:10  Drone x6  
  44  6:12  Overlord x2  
  44  6:13  Overlord  
  49  6:33  Overlord x4  
  49  6:37  Queen  
  49  6:38  Glial Reconstitution  
  51  6:40  Drone  
  51  6:41  Drone x4  
  51  6:46  Extractor  
  51  6:48  Extractor  
  54  6:51  Extractor x2  
  54  6:52  Extractor  
  54  6:54  Drone x3  
  54  7:03  Drone x2  
  54  7:04  Drone x4  
  60  7:10  Drone  
  61  7:32  Drone x3  
  61  7:33  Drone  
  61  7:34  Roach x2  
  69  7:40  Roach x2  
  69  7:41  Roach  
  75  7:53  Pneumatized Carapace  
  75  7:56  Roach x3  
  75  7:57  Roach x2  
  85  8:06  Baneling Nest  
  84  8:19  Drone  
  85  8:20  Drone x5  
  85  8:21  Drone  
  92  8:34  Drone  
  98  9:00  Roach x3  
  98  9:04  Overlord x5  
  98  9:05  Overlord  
  98  9:08  Overseer x3  
  104  9:23  Drone  
  104  9:29  Drone x4  
  109  9:30  Drone x4  
  109  9:34  Overlord x2  
  113  9:53  Roach x4  
  121  10:06  Evolution Chamber  
  121  10:07  Evolution Chamber  
  121  10:08  Infestation Pit  
  121  10:09  Drone x4  
  122  10:11  Hydralisk Den  
  121  10:45  Zerg Missile Weapons Level 1, Zerg Ground Armor Level 1  
  121  10:49  Roach  
  123  10:50  Roach x12  
  123  10:51  Roach x6  
  167  11:33  Overlord x3  
  167  11:34  Extractor, Hatchery, Overlord  
  167  11:36  Extractor  
  164  11:49  Drone x3  
  167  12:26  Hydralisk x3  
  167  12:27  Hydralisk x8  
  151  13:11  Hydralisk x4  
  151  13:12  Hydralisk x4  
  161  13:44  Hydralisk  
  161  13:45  Hydralisk x10  
  161  13:46  Hydralisk  
  185  14:04  Unknown  
  185  14:32  Hydralisk  
  185  14:33  Hydralisk x6  
  185  14:36  Zergling x2  
  200  15:44  Unknown  
  200  16:10  Lurker Den  
  200  16:11  Zerg Ground Armor Level 2, Zerg Missile Weapons Level 2  
  172  16:59  Hydralisk  
  144  17:00  Hydralisk x4  
  144  17:01  Hydralisk x10  
  152  17:35  Hydralisk x2  
  152  17:36  Hydralisk x4  
  152  17:38  Hydralisk x2  
  164  18:04  Hydralisk  
  164  18:05  Hydralisk x4  
  164  18:06  Hydralisk  
  164  18:09  Hydralisk x2  
  178  18:45  Hydralisk  
  178  18:46  Hydralisk x10  
  196  19:24  Hydralisk  
  196  19:25  Hydralisk  
  200  19:34  Overseer  
Tags
 
Add a new tag
Caveats
  • Supply blocks, unpowered buildings, or Contaminate may cause inaccurate times.
  • Supply counts are checked every 10 seconds.